 Dungeon Crawl Stone Soup version 0.29-a0-791-ga0f254aafb (webtiles) character file.

Game seed: 14779936415211220086

182 Malachi the Shooter (level 5, -15/39 HPs)
             Began as a Barachi Hunter on July 3, 2022.
             Was a Believer of Qazlal.
             Demolished by an ogre
             ... wielding a +0 giant spiked club
              (30 damage)
             ... on level 3 of the Dungeon.
             The game lasted 00:03:47 (2320 turns).

Malachi the Shooter (Barachi Hunter)                Turns: 2320, Time: 00:03:47

Health: -15/39     AC:  9    Str: 13    XL:     5   Next: 61%
Magic:  5/5        EV: 12    Int:  9    God:    Qazlal [**....]
Gold:   825        SH:  3    Dex: 17    Spells: 4/4 levels left

rFire   . . .      SeeInvis .   a - +1 shortbow
rCold   . . .      Faith    +   (shield currently unavailable)
rNeg    . . .      Spirit   .   c - +1 leather armour
rPois   .          Reflect  .   (no helmet)
rElec   .          Harm     .   (no cloak)
rCorr   +          Rampage  .   (no gloves)
Will    .....                   d - +0 pair of boots
Stlth   +.........              f - amulet of faith
HPRegen 0.13/turn               m - ring of resist corrosion
MPRegen 0.09/turn               o - +4 ring of protection

@: weak-willed, unable to hop, slow
A: amphibious, slowness 1, strong legs 1, +LOS
a: Hop, Renounce Religion, Upheaval


You were on level 3 of the Dungeon.
You worshipped Qazlal.
Qazlal was pleased with you.
You visited 1 branch of the dungeon, and saw 3 of its levels.

You collected 825 gold pieces.

Inventory:

Hand Weapons
 a - a +1 shortbow (weapon)
Armour
 c - a +1 leather armour (worn)
 d - a +0 pair of boots (worn)
Jewellery
 f - an amulet of faith (around neck)
 m - a ring of resist corrosion (left hand)
 o - a +4 ring of protection (right hand)
Scrolls
 b - a scroll of immolation
 g - 3 scrolls of amnesia
 r - a scroll of teleportation {unknown}
Potions
 e - 2 potions of lignification {unknown}
 h - a potion of heal wounds {unknown}
 i - 2 potions of curing {unknown}
 j - a potion of invisibility {unknown}
 k - a potion of attraction {unknown}
 l - a potion of degeneration {unknown}
 p - a potion of berserk rage {unknown}


   Skills:
 - Level 2.4 Fighting
 * Level 6.6 Ranged Weapons
 - Level 0.7 Armour
 - Level 2.2 Dodging
 - Level 0.8 Stealth


You had 4 spell levels left.
You didn't know any spells.
Your spell library contained the following spells:

 Spells                   Type           Power      Damage    Failure   Level
 Beastly Appendage        Tmut           0%         N/A       45%         1
 Sandblast                Erth           0%         2d4       45%         1
 Ensorcelled Hibernation  Hex/Ice        0%         N/A       61%         2
 Passwall                 Tmut/Erth      0%         N/A       61%         2
 Wereblood                Tmut           0%         N/A       61%         2
 Spider Form              Tmut/Pois      0%         N/A       83%         3
 Stone Arrow              Conj/Erth      0%         3d7       83%         3
 Swiftness                Air            0%         N/A       83%         3


Dungeon Overview and Level Annotations

Branches:
Dungeon (3/15)

Altars:
Qazlal


Innate Abilities, Weirdness & Mutations

You are amphibious.
You cover ground slowly.
You can hop short distances.
You have an extended range of vision and can be seen from far away.


Message History

Qazlal accepts your kill. The bat barely misses you. The bat misses you.
You shoot an arrow. The arrow hits the bat!
You kill the bat!
Qazlal accepts your kill.
The ball python bites you but does no damage.
The ball python grabs you. The ball python constricts you.
You shoot an arrow. The arrow hits the ball python.
The ball python is heavily wounded.
The ball python bites you but does no damage.
The ball python constricts you.
You shoot an arrow. The arrow hits the ball python!
You kill the ball python!
Qazlal accepts your kill. The ball python misses you.
You block the ball python's attack.
You shoot an arrow. The arrow hits the ball python!
You kill the ball python!
Qazlal accepts your kill. The ogre barely misses you.
You shoot an arrow. The arrow hits the ogre.
The ogre is lightly wounded.
You shoot an arrow. The arrow barely misses the ogre.
The ogre hits you with a +0 giant spiked club!!
Ouch! That really hurt!
You are too injured to fight recklessly!
You are too injured to fight recklessly!
You are too injured to fight recklessly!
You are too injured to fight recklessly!
The ogre attacks as you move away! The ogre completely misses you.
Hop to where?
Press: ? - help, Dir - move target, p - ogre Boing!
As you read the scroll labelled NIDUXU ZEATRE, it crumbles to dust.
It is a scroll of enchant weapon.
Your +0 shortbow glows red for a moment.
As you read the scroll labelled GAHOTOS FA FUSHROA, it crumbles to dust.
Magic quickly surges around you.
It was a scroll of vulnerability.
The ogre hits you with a +0 giant spiked club!!
Ouch! That really hurt!
You die...

##.###.# #.### ##########.
#.###'####...# #........#.
#.)........#.#########.....)..#.
#.............................#.
#.....########.########.......#.
#.....####.. #)#...####.......#.
#.....##.... #)##....##.##.####.
#.###.##....##.##....##.........
##.###.#....†#.O@#†....#.##.####.
.......######..§..######.........
÷.............○..........##.##...
##.###.###...........###..#.####.
.......# ##....#....##[#..#....#.
.......# ##.......##[.#..#..#.#.
...###.# +.......))..#..#..#.#.
.).# ##.......##..#....[.... #.##
#....#....##.#..#..#.##


You could see an ogre (weak-willed).

Vanquished Creatures
  A jelly (D:2)
  4 gnolls (D:3)
  2 adders (D:2)
  A worm (D:2)
  5 dart slugs
  5 orcs (D:3)
  6 ball pythons
  7 bats
  6 endoplasms
  4 giant cockroaches
  4 goblins
  6 hobgoblins
  4 jackals (D:1)
  9 frilled lizards
  7 kobolds
  8 rats
79 creatures vanquished.

Notes
Turn   | Place    | Note
-------+----------+-------------------------------------------
     0 | D:1      | Malachi the Barachi Hunter began the quest for the Orb.
     0 | D:1      | Reached XP level 1. HP: 17/17 MP: 1/1
    41 | D:1      | Found a faded altar of an unknown god.
    51 | D:1      | Reached XP level 2. HP: 20/23 MP: 2/2
    54 | D:1      | Prayed at the altar of an unknown god.
    54 | D:1      | Became a worshipper of Qazlal Stormbringer
    54 | D:1      | Reached * piety under Qazlal
   455 | D:1      | Reached XP level 3. HP: 28/28 MP: 3/3
   504 | D:1      | Reached skill level 5 in Ranged Weapons
  1262 | D:2      | Reached XP level 4. HP: 34/34 MP: 4/4
  1347 | D:2      | Reached ** piety under Qazlal
  1509 | D:2      | Reached skill level 6 in Ranged Weapons
  1539 | D:2      | Identified a scroll of acquirement
  1540 | D:2      | Acquired 651 gold pieces
  1701 | D:3      | Reached XP level 5. HP: 39/39 MP: 5/5
  2309 | D:3      | Noticed an ogre
  2320 | D:3      | Demolished by an ogre

Illustrated notes

Levels and vault maps discovered:
D:1:      roderic_octagonal_star, layout_basic,
          hellmonk_ecumenical_altar_run_dry, minmay_3d_cube
D:2:      layout_basic, dk_noncrumbling_3
D:3:      layout_basic, mainiacjoe_overflow_six_doors_small, minmay_pentangle

Skill      XL: |  1  2  3  4 |
---------------+-------------+-----
Ranged Weapons | 5 6 |  6.6
Fighting       | |  2.4
Armour         | |  0.7
Dodging        | |  2.2
Stealth        | |  0.8

Action                   |  1- 3 |  4- 6 || total
-------------------------+-------+-------++-------
 Fire: Shortbow          |   111 |   111 ||   222
 Abil: Hop               |       |     1 ||     1
  Use: Scroll            |       |     7 ||     7
Armor: Leather armour    |    24 |    14 ||    38
Dodge: Dodged            |    51 |    20 ||    71
Block: Other             |     1 |     6 ||     7

Table legend: (Time is in decaauts)
 A = Elapsed time spent in this place.
 B = Non-inter-level travel time spent in this place.
 C = Inter-level travel time spent in this place.
 D = Time resting spent in this place.
 E = Time spent auto-exploring this place.
 F = Levels seen in this place.
 G = Mean time per level.
                   A        B        C        D        E       F      G
               +--------+--------+--------+--------+--------+-----+--------+
         Total |   2677 |   2628 |     49 |    198 |   1951 |   3 |  892.3 |
       Dungeon |   2677 |   2628 |     49 |    198 |   1951 |   3 |  892.3 |
               +--------+--------+--------+--------+--------+-----+--------+

Top non-repeatable levels by time:
     D:1: 1420 daAuts
     D:3: 764 daAuts
     D:2: 492 daAuts
